 Dungeon Crawl Stone Soup version 0.24-a0-537-g2d01d4ab0a (webtiles) character file.

Game seed: 887279679228923742

27908 Chiseanne the Fighter (level 13, -5/113 HPs)
             Began as a Hill Orc Earth Elementalist on Aug 13, 2019.
             Was an Elder of Wu Jian.
             Slain by a sun demon (8 damage)
             ... summoned by an obsidian statue
             ... in a volcano.
             The game lasted 01:37:41 (25881 turns).

Chiseanne the Fighter (HOEE)                       Turns: 25881, Time: 01:37:42

Health: -5/113     AC: 13    Str: 13    XL:     13   Next: 35%
Magic:  25/25      EV: 17    Int: 19    God:    Wu Jian [****..]
Gold:   1298       SH:  0    Dex: 13    Spells: 13/29 levels left

rFire    + . .     SeeInvis .   d - +7 lajatang of Order {silver, rMut}
rCold    . . .     Gourm    .   (shield currently unavailable)
rNeg     + . .     Faith    .   m - +3 leather armour {rF+}
rPois    +         Spirit   .   O - +1 helmet
rElec    .         Reflect  .   F - +2 cloak {rPois}
rCorr    .         Harm     .   h - +0 pair of gloves
rMut     +                      (no boots)
MR       .....                  (no amulet)
Stlth    ++........             f - ring of positive energy
HPRegen  0.28/turn              A - +3 ring of intelligence
MPRegen  0.19/turn

@: mesmerised
A: no striking features
a: Wall Jump, Serpent's Lash, Renounce Religion


You were in a volcano.
You worshipped Wu Jian.
Wu Jian was greatly pleased with you.
You were not hungry.

You visited 3 branches of the dungeon, and saw 17 of its levels.
You also visited: Ossuary, Gauntlet and Volcano.

You collected 1298 gold pieces.

Inventory:

Hand Weapons
 a - the +3 mace of the Spider Nest {crush, rPois MR+ MP+9 Int+4}
   (You found it on level 7 of the Dungeon)

   It inflicts extra damage upon your enemies.
   It affects your intelligence (+4).
   It protects you from poison.
   It affects your resistance to hostile enchantments.
   It affects your magic capacity (+9).
 d - the +7 lajatang of Order (weapon) {silver, rMut}
   (You found it on level 2 of the Lair of Beasts)

   It protects you from mutation.
 s - a +2 dagger of venom
 w - a +1 hand crossbow of venom
Missiles
 g - 368 arrows
 j - 5 javelins
 o - 170 stones
 p - 27 poisoned darts (quivered)
 q - 127 bolts
 r - 167 sling bullets
 t - 11 boomerangs
Armour
 h - a +0 pair of gloves (worn)
 m - a +3 leather armour of fire resistance (worn)
 v - a +0 troll leather armour
 F - a +2 cloak of poison resistance (worn)
 O - a +1 helmet (worn)
Jewellery
 f - a ring of positive energy (left hand)
 n - an uncursed ring of fire
 A - a +3 ring of intelligence (right hand)
Wands
 l - a wand of acid (14)
Scrolls
 x - a scroll of identify
 y - a scroll of brand weapon
 I - a scroll of immolation
 J - 2 scrolls of remove curse
 N - a scroll of magic mapping
Potions
 e - 2 potions of mutation
 i - a potion of experience {unknown}
 u - a potion of resistance {unknown}
 z - 2 potions of ambrosia {unknown}
 B - a potion of invisibility {unknown}
 C - 2 potions of lignification {unknown}
 D - 3 potions of might {unknown}
 E - 3 potions of flight {unknown}
 G - 3 potions of haste {unknown}
 K - a potion of magic {unknown}
 M - 4 potions of cancellation {unknown}
Miscellaneous
 L - a phial of floods (inert)
Comestibles
 c - 20 rations


   Skills:
 - Level 10.1 Fighting
 - Level 4.1 Short Blades
 * Level 4.0 Staves
 - Level 4.8 Armour
 * Level 10.0 Dodging
 - Level 1.5 Stealth
 * Level 8.6 Spellcasting
 - Level 8.4 Hexes
 - Level 0.6 Transmutations
 * Level 7.6 Earth Magic


You had 13 spell levels left.
You knew the following spells:

 Your Spells              Type           Power        Failure   Level  Hunger
a - Sandblast             Erth           #####.       1%          1    None
b - Stone Arrow           Conj/Erth      ###...       6%          3    None
c - Confuse               Hex            #####...     1%          3    None
d - Petrify               Tmut/Erth      ###.....     19%         4    ###....
e - Lee's Rapid Deconstr  Erth           #####.....   12%         5    #####..

Your spell library contained the following spells:

 Spells                   Type           Power        Failure   Level  Hunger
 Confusing Touch          Hex            #####.       1%          1    None
 Passwall                 Tmut/Erth      ###.....     3%          2    None
 Inner Flame              Hex/Fire       ###.....     5%          3    None
 Flame Tongue             Conj/Fire      #....        11%         1    None
 Throw Flame              Conj/Fire      #.....       16%         2    None
 Ignite Poison            Fire/Tmut/Pois #.......     28%         3    None
 Conjure Flame            Conj/Fire      #.......     30%         3    None
 Gell's Gravitas          Tloc           #.........   30%         3    None
 Yara's Violent Unravell  Hex/Tmut       ####......   41%         5    #####..
 Metabolic Englaciation   Hex/Ice        ###.......   45%         5    #####..
 Sticky Flame             Conj/Fire      #.......     71%         4    ###....
 Fireball                 Conj/Fire      #.........   96%         5    #####..
 Bolt of Fire             Conj/Fire      #.........   100%        6    ######.
 Ring of Flames           Chrm/Fire      #.........   100%        7    #######
 Ignition                 Fire           #.........   100%        8    #######


Dungeon Overview and Level Annotations

Branches:
Dungeon (10/15)            Temple (0/1) D:7            Lair (5/6) D:8
  Swamp (0/4) Lair:2       Spider (0/4) Lair:4        Slime (0/5) Lair:5
    Orc (2/2) D:9
    Elf: Orc:2

Altars:
Ru
Vehumet
Wu Jian
Zin

Shops:
D:4 [

Annotations:
D:7 1 runed translucent door, Majang's ghost, novice HaHu
Lair:1 1 runed translucent door, anet's ghost, journeyman GnWz
Orc:1 Saint Roka Volcano exclusion: obsidian statue


Message History

You are engulfed in flames!
You resist.
* * * LOW HITPOINT WARNING * * *
The obsidian statue's eyes glow briefly.
The obsidian statue attempts to bespell you!
You are mesmerised by the obsidian statue!
You hit the obsidian statue.
The obsidian statue is lightly damaged.
The ice devil barely misses you. The sun demon misses you.
The ice devil barely misses you.
You slash the obsidian statue!
The obsidian statue is moderately damaged.
The sun demon misses you.
The ice devil hits you but does no damage.
The sun demon hits you but does no damage.
You slice the obsidian statue!!
The obsidian statue is almost destroyed.
The sun demon hits you!!
* * * LOW HITPOINT WARNING * * *
You are engulfed in flames!
You resist.
You die...

≈§§≈.....##
§§≈≈≈§....##
§≈§§§≈§....##
≈§§§≈≈§.....## ######
≈≈≈≈§≈≈≈≈....###[..[
§≈≈§≈≈≈≈≈....##545.
§≈≈≈≈§§≈...####ccp
§≈≈≈≈≈...## #84###
§≈§§≈...## #@3(#####
§≈≈≈≈...### ####○○○○#
≈≈≈§.....8#####☼☼☼☼####
≈§§§........+.####☼☼≈≈#
≈§§§.....8###.#≈≈☼☼####
..§....#### #.####☼☼≈≈#
....### #.#≈≈☼☼####
#### #.####☼☼☼☼#
#.#☼☼☼☼####


You could see an obsidian statue, a hell knight, a centaur warrior, a sun demon,
an ice devil, a red devil, a centaur, an iron imp and an ufetubus.

Vanquished Creatures
  An orc high priest (Orc:1)
  2 orc sorcerers (Orc:1)
  3 elephants
  2 black mambas
  2 centaur zombies
  A cyclops (Orc:1)
  12 spiny frogs
  Maurice (D:9)
  2 rime drakes (Lair:3)
  3 komodo dragons
  2 trolls
  A queen bee (Lair:1)
  A polar bear (Lair:5)
  13 blink frogs
  8 hippogriffs
  22 yaks
  5 fire bats (Volcano)
  Grum (D:8)
  2 soldier ants (D:5)
  2 hell hounds (Lair:5)
  6 water moccasins
  7 porcupines
  An ice beast (D:6)
  2 black bears
  2 sky beasts
  10 orc warriors
  A necrophage (D:10)
  5 ogres
  14 wolves
  2 centaurs
  9 crocodiles
  9 bullfrogs
  An elf zombie (Ossuary)
  38 killer bees
  5 scorpions
  3 electric eels (D:8)
  5 howler monkeys
  7 lava snakes (Volcano)
  3 crimson imps
  A bullfrog zombie (D:9)
  8 hounds
  2 centaur skeletons
  2 human zombies (Ossuary)
  5 orc priests
  Crazy Yiuf (D:7)
  2 jellies
  Jessica (D:3)
  5 bullfrog skeletons
  3 iguanas
  13 orc wizards
  11 worker ants
  A big kobold zombie (Ossuary)
  A hound zombie (Ossuary)
  2 hound skeletons (D:7)
  4 mummies (Ossuary)
  A howler monkey skeleton (D:7)
  4 gnolls (Orc:1)
  10 adders
  2 shadow imps
  An ooze (D:1)
  2 adder zombies (Ossuary)
  A worm (D:4)
  8 leopard geckos
  60 orcs
  5 giant cockroaches
  A gnoll zombie (Ossuary)
  6 goblins
  7 hobgoblins
  3 jackals (D:2)
  5 quokkas
  2 ball pythons
  3 bats
  5 frilled lizards
  3 goblin zombies (Ossuary)
  A jackal skeleton (D:4)
  10 kobolds
  A kobold zombie (Ossuary)
  A leopard gecko zombie (D:7)
  3 rats (D:1)
  2 fungi
  2 plants
427 creatures vanquished.

Vanquished Creatures (collateral kills)
  An orc priest (D:9)
  4 orcs (D:9)
5 creatures vanquished.

Vanquished Creatures (others)
  A shadow (D:10)
  An orc (D:8)
  10 fungi
  8 plants
20 creatures vanquished.

Grand Total: 452 creatures vanquished

Notes
Turn   | Place    | Note
-------+----------+-------------------------------------------
     0 | D:1      | Chiseanne the Hill Orc Earth Elementalist began the quest
                  | for the Orb.
     0 | D:1      | Reached XP level 1. HP: 14/14 MP: 3/3
   278 | D:1      | Reached XP level 2. HP: 20/20 MP: 2/4
   629 | D:1      | Reached XP level 3. HP: 26/26 MP: 0/6
   720 | D:1      | Learned a level 3 spell: Stone Arrow
   956 | D:2      | Found a faded altar of an unknown god.
   982 | D:2      | Became a worshipper of the Wu Jian Council
   982 | D:2      | Reached * piety under Wu Jian
  1253 | D:2      | You fall into a shaft and drop 1 floor!
  1359 | D:3      | Reached XP level 4. HP: 26/34 MP: 7/7
  1364 | D:3      | Reached skill level 1 in Fighting
  1490 | D:3      | Noticed Jessica
  1500 | D:3      | Killed Jessica
  1500 | D:3      | Reached XP level 5. HP: 20/42 MP: 5/8
  2915 | D:4      | Noticed an ogre
  2931 | D:4      | Killed an ogre
  2931 | D:4      | Reached XP level 6. HP: 31/52 MP: 7/9
  3174 | D:4      | Found Xiplaut's Antique Armour Emporium.
  3257 | D:4      | Reached ** piety under Wu Jian
  3646 | D:5      | Entered Level 5 of the Dungeon
  3673 | D:5      | Reached XP level 7. HP: 54/60 MP: 2/10
  3681 | D:5      | Learned a level 3 spell: Confuse
  3932 | D:5      | Found a runed translucent door.
  3933 | D:5      | Noticed a soldier ant
  3933 | D:5      | Noticed a soldier ant
  3935 | D:5      | Found a runed translucent door.
  3967 | D:5      | Reached skill level 5 in Fighting
  3972 | D:5      | Killed a soldier ant
  3972 | D:5      | Reached skill level 1 in Hexes
  4205 | D:5      | Reached XP level 8. HP: 42/70 MP: 9/12
  4390 | D:5      | Got a smoking mace
  4986 | D:6      | Reached skill level 5 in Dodging
  5014 | D:6      | Found a sand-covered staircase.
  5022 | Ossuary  | Entered an ossuary
  5023 | Ossuary  | Identified the cursed +2 mace of Outrage {drain, rPois
                  | Str+8 Int-2 Stlth+} (You found it on level 5 of the
                  | Dungeon)
  5762 | D:6      | Found a sacrificial altar of Ru.
  5857 | D:6      | Reached *** piety under Wu Jian
  5918 | D:6      | Found a sacrificial altar of Ru.
  6011 | D:6      | Reached XP level 9. HP: 75/79 MP: 10/14
  6210 | D:6      | Found a glowing silver altar of Zin.
  6408 | D:6      | HP: 3/79 [orc warrior/cursed -2 flail (13)]
  7180 | D:7      | Reached skill level 5 in Hexes
  7194 | D:7      | HP: 4/81 [poisoned by a killer bee]
  7199 | D:7      | HP: 2/81 [poisoned by a killer bee]
  7205 | D:7      | HP: 2/81 [poisoned by a killer bee]
  7213 | D:7      | HP: 2/81 [poisoned by a killer bee]
  7675 | D:7      | Found a runed translucent door.
  7676 | D:7      | Noticed Crazy Yiuf
  7685 | D:7      | Killed Crazy Yiuf
  7689 | D:7      | Got an ichor-stained mace
  7887 | D:7      | Found a staircase to the Ecumenical Temple.
  8057 | D:7      | Found a runed translucent door.
  8089 | D:7      | Noticed Majang's ghost (novice HaHu)
  8182 | D:8      | Noticed Grum
  8441 | D:8      | Killed Grum
  8577 | D:7      | Reached skill level 5 in Spellcasting
  8765 | D:8      | Reached XP level 10. HP: 82/90 MP: 17/17
  8910 | D:8      | Reached **** piety under Wu Jian
 10424 | D:8      | Identified the cursed +3 mace of the Spider Nest {crush,
                  | rPois MR+ MP+9 Int+4} (You found it on level 7 of the
                  | Dungeon)
 10673 | D:8      | Found a staircase to the Lair.
 10852 | D:9      | Noticed Maurice
 10869 | D:9      | Killed Maurice
 11103 | D:9      | Found a staircase to the Orcish Mines.
 11344 | D:9      | Reached ***** piety under Wu Jian
 11801 | D:9      | Found a sacrificial altar of Ru.
 12310 | D:10     | Entered Level 10 of the Dungeon
 12410 | D:10     | Reached skill level 10 in Fighting
 12589 | D:10     | Reached XP level 11. HP: 99/99 MP: 20/20
 12867 | D:10     | Reached skill level 1 in Armour
 13220 | D:10     | HP: 3/99 [something (6)]
 13971 | D:10     | HP: 2/99 [something (7)]
 14356 | Orc:1    | Entered Level 1 of the Orcish Mines
 14484 | Orc:1    | Noticed an orc sorcerer
 14495 | Orc:1    | Noticed a sixfirhy
 14558 | Orc:1    | Killed an orc sorcerer
 14569 | Orc:1    | Noticed an orc high priest
 14786 | Orc:1    | Killed an orc high priest
 15285 | Orc:1    | Noticed a cyclops
 15310 | Orc:1    | Killed a cyclops
 15350 | Orc:1    | Noticed an orc sorcerer
 15364 | Orc:1    | Killed an orc sorcerer
 15551 | Orc:2    | Entered Level 2 of the Orcish Mines
 15551 | Orc:2    | Noticed Saint Roka
 15551 | Orc:2    | Noticed an orc sorcerer
 15940 | Lair:1   | Entered Level 1 of the Lair of Beasts
 16342 | Lair:1   | Learned a level 4 spell: Petrify
 16348 | Lair:1   | Learned a level 5 spell: Lee's Rapid Deconstruction
 16900 | Lair:1   | Reached skill level 1 in Short Blades
 16910 | Lair:1   | Reached XP level 12. HP: 23/106 MP: 22/22
 17656 | Lair:1   | Found a runed translucent door.
 17656 | Lair:1   | Noticed anet's ghost (journeyman GnWz)
 17658 | Lair:1   | Identified the +7 trident "Huyhumnawi" {speed, rElec}
 18385 | Lair:1   | Reached skill level 5 in Earth Magic
 19315 | Lair:2   | Found a staircase to the Swamp.
 20040 | Lair:1   | HP: 5/106 [blink frog (9)]
 21065 | Lair:2   | Found the +7 lajatang of Order {silver, rMut}
 21590 | Lair:2   | Reached skill level 1 in Staves
 22055 | Lair:3   | Noticed a death yak
 22066 | Lair:3   | Noticed a death yak
 22067 | Lair:3   | Noticed a death yak
 22238 | Lair:3   | Found a frozen archway.
 22365 | Lair:3   | Found a gate leading to a gauntlet.
 22371 | Lair:3   | Noticed a seven-headed hydra
 22377 | Gauntlet | Entered a Gauntlet
 22377 | Gauntlet | Found a transporter.
 22377 | Gauntlet | Found a transporter.
 23459 | Lair:3   | Reached XP level 13. HP: 113/113 MP: 8/25
 23921 | Lair:4   | Found a hole to the Spider Nest.
 25275 | Lair:5   | Found a radiant altar of Vehumet.
 25385 | Lair:5   | Found a dark tunnel.
 25400 | Volcano  | Entered a volcano
 25494 | Volcano  | Reached skill level 10 in Dodging
 25881 | Volcano  | HP: 3/113 [sun demon[an obsidian statue] (18)]
 25881 | Volcano  | Slain by a sun demon

Levels and vault maps discovered:
D:1:      eino_arrival_water_star, layout_basic
D:2:      cheibrodos_helix_gallery, layout_basic,
          chequers_ecumenical_altar_simple_redux
D:3:      layout_basic, uniq_jessica
D:4:      layout_basic, serial_shops, shop, saegor_snake_ambush
D:5:      lemuel_insect_pit, layout_loops_ring, first_ration
D:6:      layout_loops_corners, zin_treasury, nicolae_ossuary_entry_monument,
          basic_altar, serial_shops, shop, hangedman_ru_absence
D:7:      layout_layer_cave, minmay_temple_entry_hall,
          hellmonk_ghost_happy_afterlife, serial_rivers,
          chequers_serial_rivers_micro_e, chequers_serial_rivers_marsh,
          chequers_serial_rivers_micro_c, chequers_serial_rivers_room_b,
          chequers_serial_rivers_small_b, chequers_serial_rivers_micro_e,
          uniq_crazy_yiuf_cottage
D:8:      layout_rooms, erik_lair_island, uniq_grum
D:9:      layout_gridville, hiddenorc2_lemuel, basic_altar, grunt_pizzeria,
          uniq_maurice
D:10:     layout_basic, palyth_stone_intersect, chequers_serial_rivers_small_a,
          serial_park_tiny_2, dk_noncrumbling_4
Lair:1:   layout_layer_cave, special_room [special_room_bee],
          ebering_ghost_funeral_grove, beast_lair_carwin_5, grunt_megastairs_3
Lair:2:   layout_regular_city, swamp_mist, beast_lair_carwin_1
Lair:3:   layout_layer_cave, portal_ice_cave_rime, gauntlet_entry_generic
Lair:4:   layout_cave_pods, dummy_spider_entry, grunt_megastairs_1
Lair:5:   wander_river, layout_regular_city, minmay_slime_entry_eyes,
          enter_volcano_3, basic_altar
Orc:1:    layout_caves, nicolae_orc_lava_room
Orc:2:    pf_orc_diabolical, layout_caves, basic_altar, uniq_azrael,
          uniq_nessos, uniq_saint_roka
Volcano:  volcano_grotto [vgs_trial_by_fire]

Skill      XL: |  1  2  3  4  5  6  7  8  9 10 11 12 13 |
---------------+----------------------------------------+-----
Spellcasting   | 2 3 5 6 7 8 |  8.6
Dodging        | 2 3 4 5 6 7 8 9 10 | 10.0
Fighting       | 2 4 5 7 8 10 | 10.1
Hexes          | 2 4 5 7 8 |  8.4
Armour         | 4 |  4.8
Earth Magic    | 4 6 7 |  7.6
Short Blades   | 1 4 |  4.1
Staves         | 2 4 |  4.0
Stealth        | |  1.5
Transmutations | |  0.6

Action                   |  1- 3 |  4- 6 |  7- 9 | 10-12 | 13-15 || total
-------------------------+-------+-------+-------+-------+-------++-------
Melee: Whip              |     1 |       |       |       |       ||     1
       Short sword       |    46 |       |       |       |       ||    46
       Dagger            |     1 |   107 |   365 |   729 |       ||  1202
       Mace              |       |       |   130 |   152 |     2 ||   284
       Quarterstaff      |       |       |     3 |    41 |       ||    44
       Lajatang          |       |       |       |    70 |   157 ||   227
Throw: Stone             |       |       |     1 |       |       ||     1
       Dart              |       |       |    18 |   224 |    11 ||   253
 Cast: Sandblast         |    40 |    26 |    53 |    47 |    22 ||   188
       Confuse           |       |       |       |   149 |     1 ||   150
       Stone Arrow       |       |       |       |    16 |     4 ||    20
Invok: Lunge             |     2 |     5 |    17 |    43 |     2 ||    69
       Whirlwind         |       |     1 |    23 |    84 |    11 ||   119
       Heavenly Storm    |       |       |       |     2 |       ||     2
       Serpent's Lash    |       |       |       |       |     1 ||     1
 Abil: Wall Jump         |       |       |     1 |     2 |       ||     3
Evoke: Wand              |       |       |       |    24 |       ||    24
       Phial of floods   |       |       |       |     2 |       ||     2
  Use: Scroll            |     7 |     1 |     9 |    14 |     4 ||    35
       Potion            |       |       |    10 |     6 |     1 ||    17
 Stab: Sleeping          |       |     2 |     4 |     2 |       ||     8
       Confused          |       |       |     1 |    41 |       ||    42
       Distracted        |       |       |       |     1 |     1 ||     2
  Eat: Chunk             |     2 |     8 |    14 |    33 |     5 ||    62
       Ration            |       |       |     1 |     5 |     1 ||     7
Armor: Leather armour    |    17 |    30 |   173 |   369 |    66 ||   655
Dodge: Dodged            |    32 |    61 |   471 |  1049 |   186 ||  1799

Table legend:
 A = Non-vault XP
 B = Vault XP
 C = Vault XP percentage of total XP
 D = Non-vault monster count
 E = Vault monster count
 F = Vault count percentage of total count
                 A         B        C        D         E       F
            +---------+---------+-------+---------+---------+-------
      Total |   27265 |   12604 |  31.6 |     287 |     142 |  33.1
            +---------+---------+-------+---------+---------+-------
        D:1 |      34 |       0 |   0.0 |      20 |       0 |   0.0
        D:2 |      28 |       5 |  15.2 |       9 |       2 |  18.2
        D:3 |      93 |      37 |  28.5 |      20 |       1 |   4.8
        D:4 |     360 |      15 |   4.0 |      16 |       2 |  11.1
        D:5 |     305 |     757 |  71.3 |       9 |      13 |  59.1
        D:6 |     871 |       0 |   0.0 |      24 |       0 |   0.0
        D:7 |    1171 |     272 |  18.8 |      30 |       3 |   9.1
        D:8 |     923 |    1008 |  52.2 |      23 |      12 |  34.3
        D:9 |    1135 |    1383 |  54.9 |      10 |      34 |  77.3
       D:10 |    2119 |       0 |   0.0 |      25 |       0 |   0.0
     Lair:1 |    5539 |    2895 |  34.3 |      25 |      32 |  56.1
     Lair:2 |    3603 |    2614 |  42.0 |      17 |       8 |  32.0
     Lair:3 |    1930 |    1234 |  39.0 |      10 |       3 |  23.1
     Lair:4 |    5067 |     425 |   7.7 |      22 |       1 |   4.3
     Lair:5 |     565 |     296 |  34.4 |       3 |       2 |  40.0
      Orc:1 |    3522 |       3 |   0.1 |      24 |       1 |   4.0
    Ossuary |       0 |     305 | 100.0 |       0 |      16 | 100.0
    Volcano |       0 |    1355 | 100.0 |       0 |      12 | 100.0
            +---------+---------+-------+---------+---------+-------
